Construct Section Command Post
Construct Section Command Post
Construct Platoon Command Post
Selects Australian Defense Battlegroup
Selects Australian Light Infantry Section
Selects CMP 15cwt Supply Run
Unlock M3 Stuart Light Tanks
Selects Reinforced Resource Caches
Construct Field Infirmary
Selects Defensive Tactics
Construct Company Command Post
Selects Charged Creeping Barrage
Selects Charged Creeping Barrage